 Dungeon Crawl Stone Soup version 0.21-a0-508-gf08a75f (webtiles) character file.

4 Gwenloh the Skirmisher (level 1, 0/22 HPs)
             Began as an Ogre Warper on Nov 28, 2017.
             Slain by a kobold
             ... wielding a +4 short sword
              (3 damage)
             ... on level 1 of the Dungeon.
             The game lasted 00:02:11 (128 turns).

Gwenloh the Skirmisher (Ogre Warper)                 Turns: 128, Time: 00:02:12

Health: 0/22       AC:  3    Str: 14    XL:     1   Next: 60%
Magic:  3/3        EV: 10    Int: 14    God:
Gold:   22         SH:  0    Dex:  8    Spells: 4/4 levels left

rFire    . . .     SeeInvis .   a - +0 mace
rCold    . . .     Gourm    .   (no shield)
rNeg     . . .     Faith    .   b - +0 robe
rPois    .         Spirit   .   (helmet restricted)
rElec    .         Reflect  .   (no cloak)
rCorr    .         Harm     .   (gloves unavailable)
MR       .....                  (boots unavailable)
Stlth    +.........             (no amulet)
HPRegen  0.07/turn              (no ring)
MPRegen  0.08/turn              (no ring)

@: no status effects
A: large, unfitting armour, tough skin 1
a: no special abilities


You were on level 1 of the Dungeon.
You were not hungry.

You visited 1 branch of the dungeon, and saw 1 of its levels.

You collected 22 gold pieces.

Inventory:

Hand Weapons
 a - a +0 mace (weapon)
 h - a +0 whip
Missiles
 e - 5 tomahawks of dispersal (quivered)
 k - 5 tomahawks
Armour
 b - a +0 robe (worn)
Scrolls
 d - a scroll of blinking
 i - a scroll of identify {unknown}
 j - a scroll of amnesia {unknown}
Potions
 g - a potion of brilliance {unknown}
Books
 c - a book of Spatial Translocations

   Spells                             Type                      Level
   a - Blink                          Translocation                2
   b - Shroud of Golubria             Charms/Translocation         2
   c - Lesser Beckoning               Translocation                3
   d - Gell's Gravitas                Translocation                3
   e - Teleport Other                 Translocation                3
   f - Passage of Golubria            Translocation                4
Comestibles
 f - a bread ration


   Skills:
 + Level 2.9 Fighting
 + Level 1.9 Maces & Flails
 + Level 1.1 Throwing
 - Level 2.1 Dodging
 - Level 2.4 Spellcasting
   Level 2.6 Translocations


You had 4 spell levels left.
You didn't know any spells.

Dungeon Overview and Level Annotations

Branches:
Dungeon (1/15)

Altars:


Innate Abilities, Weirdness & Mutations

You are too large for most types of armour.
You have tough skin. (AC +1)


Message History

You open the door.
A kobold comes into view.
It is wielding an enchanted short sword.
The kobold shouts!
There is an open door here.
The kobold hits you with an enchanted short sword.
You barely miss the kobold. The kobold hits you but does no damage.
You closely miss the kobold. The kobold closely misses you.
The kobold hits you with an enchanted short sword.
You are too injured to fight recklessly!
You are too injured to fight recklessly!
You are too injured to fight recklessly!
You are too injured to fight recklessly!
You are too injured to fight recklessly!
You barely miss the kobold.
The kobold hits you with an enchanted short sword!
* * * LOW HITPOINT WARNING * * *
You hit the kobold.
The kobold is severely wounded.
The kobold hits you with an enchanted short sword.
You die...

........'.....+...#
#...
#+####.#.....##.)#
#### . #.#.....##..#
....##.#########.#
...............# ##
.######.######'##..##
...#.............
(....+.............
#.###.#...@....##.##
.. #.###.K.......# #
..# #.......... #.
#..........
...........
.##.####.##. . #.# .#
# ..# . ######


You could see a kobold.

Vanquished Creatures
  A hobgoblin (D:1)
  2 kobolds (D:1)
3 creatures vanquished.

Notes
Turn   | Place    | Note
-------+----------+-------------------------------------------
     0 | D:1      | Gwenloh the Ogre Warper began the quest for the Orb.
     0 | D:1      | Reached XP level 1. HP: 22/22 MP: 3/3
   128 | D:1      | Slain by a kobold

Vault maps used:
D:1:      lightli_arrival_flooded_house

Action                   || total
-------------------------++-------
Melee: Mace              ||    12
Armor: Robe              ||     1
Dodge: Dodged            ||     5

Table legend:
 A = Spawn XP
 B = Non-spawn XP
 C = Spawn XP percentage of total XP
 D = Spawn monster count
 E = Non-spawn monster count
 F = Spawn count percentage of total count
 G = Total turns spent on level
                    A         B        C        D         E        F      G
               +---------+---------+-------+---------+---------+-------+---------
         Total |       0 |       6 |   0.0 |       0 |       3 |   0.0 |   128
               +---------+---------+-------+---------+---------+-------+---------
           D:1 |       0 |       6 |   0.0 |       0 |       3 |   0.0 |   128
               +---------+---------+-------+---------+---------+-------+---------
